 Dungeon Crawl Stone Soup version 0.27-a0-334-g52645efa06 (webtiles) character file.

Game seed: 12343706163562201779

7820 dickylongcocking the Nimble (level 11, -9/54 HPs)
             Began as a Felid Berserker on Feb 14, 2021.
             Was a High Priest of Trog.
             Mangled by a wraith (14 damage)
             ... on level 10 of the Dungeon.
             The game lasted 00:13:41 (13639 turns).

dickylongcocking the Nimble (Felid Berserker)      Turns: 13639, Time: 00:13:42

Health: -9/54      AC:  2    Str: 19    XL:     11   Next: 1%
Magic:  0/12       EV: 29    Int: 10    God:    Trog [*****.]
Gold:   751        SH:  0    Dex: 18    Spells: 10/10 levels left
                                        Lives:  0   Deaths: 3

rFire    . . .     SeeInvis +     - Unarmed
rCold    . . .     Faith    .   (shield unavailable)
rNeg     . . .     Spirit   +   (armour unavailable)
rPois    .         Reflect  .   (helmet unavailable)
rElec    .         Harm     .   (cloak unavailable)
rCorr    .         Rampage  .   (gloves unavailable)
Will     ++...                  (boots unavailable)
Stlth    +++++.....             w - amulet of guardian spirit
HPRegen  0.18/turn              x - +6 ring of strength
MPRegen  0.13/turn              r - ring of willpower

@: berserk cooldown, slowed, slow
A: very small, no armour, no weapons or thrown items, stealth, claws 1, fangs 3,
see invisible, speed 1, shaggy fur 2, sharp paws
a: Renounce Religion, Berserk, Trog's Hand, Brothers in Arms


You were on level 10 of the Dungeon.
You worshipped Trog.
Trog was extremely pleased with you.
You visited 1 branch of the dungeon, and saw 10 of its levels.
You also visited: Ossuary.

You collected 751 gold pieces.

Inventory:

Jewellery
 j - a ring of flight
 l - a ring of fire
 o - a ring of fire
 q - an amulet of regeneration
 r - a ring of willpower (right paw)
 w - an amulet of guardian spirit (around neck)
 x - a +6 ring of strength (left paw)
 E - a ring of protection from fire
Wands
 m - a wand of acid (9)
 y - a wand of charming (6)
 C - a wand of digging (4)
 F - a wand of random effects (19)
Scrolls
 a - 2 scrolls of enchant armour {unknown}
 b - a scroll of magic mapping
 c - 8 scrolls of identify {unknown}
 f - 2 scrolls of fog
 k - a scroll of teleportation
 n - 2 scrolls of fear {unknown}
 s - 2 scrolls of immolation {unknown}
 v - a scroll of acquirement {unknown}
 z - a scroll of amnesia {unknown}
 B - a scroll of blinking {unknown}
 H - a scroll of enchant weapon {unknown}
Potions
 d - a potion of attraction
 e - a potion of heal wounds
 g - 3 potions of might
 h - a potion of cancellation
 i - a potion of flight
 p - 2 potions of degeneration {unknown}
 t - 6 potions of curing
 u - 2 potions of mutation {unknown}
 A - a potion of lignification {unknown}
 D - a potion of invisibility {unknown}
 G - a potion of haste {unknown}


   Skills:
 * Level 9.8 Fighting
 * Level 12.4 Dodging
 + Level 11.6 Stealth
 * Level 10.1 Unarmed Combat


You had 10 spell levels left.
You didn't know any spells.
Your spell library was empty.

Dungeon Overview and Level Annotations

Branches:
Dungeon (10/15)            Temple (0/1) D:6            Lair (0/6) D:10
Ossuary (visited)
    Orc: D:9-12

Altars:
Ashenzari
Dithmenos
Fedhas
Hepliaklqana
Kikubaaqudgha
Makhleb
Uskayaw
Wu Jian
Xom
Yredelemnul
Zin
The Shining One
Beogh

Shops:
D:4 :   D:5 :

Annotations:
D:3 3 runed translucent doors, pigah's ghost, amateur OpWn


Innate Abilities, Weirdness & Mutations

You cannot wear armour.
You are incapable of wielding weapons or throwing items.
Your paws allow you to move quietly. (Stealth)
You have sharp claws.
You have razor-sharp teeth.
You have supernaturally acute eyesight. (SInv)
You cover ground quickly.
You are covered in thick fur. (AC +2)
Your sharp claws are effective at attacking unaware monsters.


Message History

You claw the troll!
The troll is almost dead.
You claw the troll!
You kill the troll!
Trog accepts your kill.
Your Unarmed Combat skill increases to level 10!
Found 23 sling bullets and a scroll labelled SURINA QYGIXO.
You claw the two-headed ogre!
The two-headed ogre is moderately wounded.
You mangle the two-headed ogre!!
The two-headed ogre is severely wounded.
The two-headed ogre misses you.
The two-headed ogre hits you with a +0 giant spiked club!
* * * LOW HITPOINT WARNING * * *
You mangle the two-headed ogre!!
You kill the two-headed ogre!
Trog accepts your kill.
You have reached level 11!
A wraith comes into view.
The ogre misses you. The wraith hits you!
* * * LOW HITPOINT WARNING * * *
The wraith drains your vigour!
You feel yourself slow down.
Found a scroll labelled GAKHUJ EMIS and a crooked brass wand.
Things that are here:
a +0 giant spiked club; a +0 giant spiked club; a two-headed ogre corpse You barely miss the ogre.
The wraith barely misses you.
Unknown command.
Unknown command.
You mangle the ogre!!
The ogre is severely wounded.
You are no longer berserk.
You are exhausted.
You feel as though you will be slow longer.
The ogre misses you.
Unknown command.
You claw the ogre!
You kill the ogre!
Trog accepts your kill. The wraith completely misses you. The wraith hits you!
You die...

...###...# #.........,,...,.....
...# ########..........,,,,.....,
...# ****#.....#.....,.,,,,,,,,,
...#***,,,#.............,,*,,,,,,
....,,,,,,#....###......,,*,,,,,,
....,,,...#..#.#(#.#....,<*,,,,,,
#...,,,,,#.!...#.#......,,*,,,,,,
*,,,,,,,,#.#.........#,,,,*,,,,,,
*,,,,,,,......##@##....,,,*,,,,,,
*,,,,,,...###.#W).#,**#,,,*****,,
*,,,,,,.#,*,....?...,,*,*,* ***
******,,,,*##.#...#.#**,,,* *
****,,?..##.##(..,,*** ***
**.#..,...,,.#.********<*
#,.,,,#.#,,,.,.,,,,,,,,,
*..,*,#/#,*,##********,,
**,,,,***,,,* ***


You could see a wraith.

Vanquished Creatures
  Harold (D:10)
  2 two-headed ogres (D:10)
  Maggie (D:7)
  3 trolls
  A hornet (D:7)
  A vampire (D:9)
  9 yaks (D:9)
  2 steam dragons (D:5)
  A warg (D:10)
  An ice beast (D:9)
  4 orc warriors
  A hornet zombie (D:3)
  6 sky beasts
  2 wolves (D:9)
  10 ogres
  5 centaurs
  2 phantoms
  4 kobold brigands
  An elf zombie (Ossuary)
  4 bullfrogs
  2 gnoll sergeants
  A water moccasin skeleton (D:4)
  3 scorpions
  7 electric eels (D:9)
  2 howler monkeys
  2 bullfrog zombies
  3 centaur zombies
  A jelly (D:6)
  2 human zombies (Ossuary)
  A gnoll shaman (D:8)
  7 hounds
  2 orc priests (D:10)
  4 centaur skeletons
  An iguana (D:8)
  4 orc wizards
  7 worker ants
  A killer bee zombie (D:10)
  A hound zombie (D:5)
  2 hound skeletons
  2 mummies (Ossuary)
  Robin (D:3)
  A howler monkey skeleton (D:5)
  8 adders
  15 gnolls
  2 worker ant zombies
  4 white imps
  An ooze (D:1)
  4 adder zombies (Ossuary)
  3 adder skeletons
  4 worms
  4 dart slugs (D:1)
  4 leopard geckos
  28 orcs
  5 bats
  3 giant cockroaches
  22 goblins
  24 hobgoblins
  7 jackals
  36 kobolds
  6 quokkas
  2 ball pythons
  4 frilled lizards (D:2)
  10 hobgoblin zombies (Ossuary)
  A jackal zombie (D:9)
  10 kobold zombies (Ossuary)
  8 orc zombies (Ossuary)
  5 rats
  A rat zombie (Ossuary)
339 creatures vanquished.

Vanquished Creatures (collateral kills)
  A hydra (D:7)
  Psyche (D:9)
  Grum (D:9)
  An ogre (D:8)
  2 wolves (D:9)
  4 killer bees (D:9)
  An orc priest (D:8)
  12 orcs (D:8)
23 creatures vanquished.

Vanquished Creatures (others)
  An adder (D:10)
  A quokka (D:9)
  5 plants (D:2)
7 creatures vanquished.

Grand Total: 369 creatures vanquished

Notes
Turn   | Place    | Note
-------+----------+-------------------------------------------
     0 | D:1      | dickylongcocking the Felid Berserker began the quest for
                  | the Orb.
     0 | D:1      | Reached XP level 1. HP: 10/10 MP: 2/2
     6 | D:1      | Noticed a rime drake
     6 | D:1      | Noticed a swamp worm
     6 | D:1      | Noticed a killer bee
   203 | D:1      | Reached XP level 2. HP: 14/14 MP: 3/3
   595 | D:1      | Reached XP level 3. HP: 9/17 MP: 4/4
  1819 | D:2      | Reached ** piety under Trog
  1825 | D:2      | Reached XP level 4. HP: 18/21 MP: 5/5
  2239 | D:2      | Found a faded altar of an unknown god.
  2904 | D:3      | Found a broken altar of Ashenzari.
  2907 | D:3      | Noticed Robin
  2918 | D:3      | HP: 1/22 [hornet zombie (10)]
  2923 | D:3      | Slain by a hornet zombie
  2924 | D:3      | Reached XP level 3. HP: -5/18 MP: 4/4
  3018 | D:3      | Reached skill level 5 in Dodging
  3121 | D:3      | Killed Robin
  3122 | D:3      | Reached XP level 4. HP: 22/22 MP: 5/5
  3528 | D:3      | HP: 1/33 [rat (2)]
  3533 | D:3      | Reached XP level 5. HP: 1/25 MP: 6/6
  4161 | D:3      | Found a runed translucent gate.
  4162 | D:3      | Found a runed translucent gate.
  4163 | D:3      | Found a runed translucent gate.
  4165 | D:3      | Noticed pigah's ghost (amateur OpWn)
  4169 | D:3      | Found a roughly hewn altar of Beogh.
  4443 | D:4      | Reached skill level 5 in Stealth
  4672 | D:4      | Reached *** piety under Trog
  4673 | D:4      | Gained mutation: You are covered in thick fur. (AC +2)
                  | [Felid growth]
  4673 | D:4      | Reached XP level 6. HP: 13/28 MP: 7/7
  5281 | D:4      | Found a glowing golden altar of the Shining One.
  5293 | D:4      | Found a shadowy altar of Dithmenos.
  5295 | D:4      | Found a hazy altar of Hepliaklqana.
  5298 | D:4      | Found a burning altar of Makhleb.
  5466 | D:4      | Found a hide-covered altar of Uskayaw.
  5469 | D:4      | Found a basalt altar of Yredelemnul.
  5473 | D:4      | Found a shimmering altar of Xom.
  5505 | D:4      | Found Vargh's Book Emporium.
  5612 | D:4      | Found a glowing silver altar of Zin.
  5918 | D:4      | Reached XP level 7. HP: 24/32 MP: 8/8
  6157 | D:4      | Found an ancient bone altar of Kikubaaqudgha.
  6301 | D:5      | Entered Level 5 of the Dungeon
  6313 | D:5      | Reached skill level 6 in Dodging
  6313 | D:5      | Reached skill level 5 in Unarmed Combat
  6323 | D:5      | Reached **** piety under Trog
  6422 | D:5      | Found Zohorgh's Book Shop.
  6483 | D:5      | Reached XP level 8. HP: 26/36 MP: 9/9
  6524 | D:5      | Reached skill level 5 in Fighting
  6660 | D:5      | Reached skill level 7 in Dodging
  6715 | D:5      | Found a sand-covered staircase.
  6802 | Ossuary  | Entered an ossuary
  6892 | Ossuary  | Reached ***** piety under Trog
  7425 | D:5      | Reached skill level 8 in Dodging
  7618 | D:6      | Found a staircase to the Ecumenical Temple.
  7685 | D:6      | Reached XP level 9. HP: 42/42 MP: 10/10
  7703 | D:6      | Slain by an ogre
  7704 | D:6      | Reached XP level 8. HP: -5/39 MP: 9/9
  8143 | D:6      | Found an ornate altar of the Wu Jian Council.
  8777 | D:7      | Reached skill level 9 in Dodging
  8808 | D:7      | Noticed a six-headed hydra
  8819 | D:7      | Killed a six-headed hydra
  8820 | D:7      | Reached XP level 9. HP: 36/43 MP: 10/10
  8831 | D:7      | Found a blossoming altar of Fedhas.
  9095 | D:7      | Noticed Maggie
  9102 | D:7      | Killed Maggie
  9110 | D:7      | Reached skill level 10 in Stealth
  9349 | D:8      | Reached skill level 10 in Dodging
  9487 | D:8      | Found a shimmering altar of Xom.
  9529 | D:8      | Found a shimmering altar of Xom.
  9530 | D:8      | Found a shimmering altar of Xom.
  9530 | D:8      | Found a shimmering altar of Xom.
  9530 | D:8      | Found a shimmering altar of Xom.
  9530 | D:8      | Found a shimmering altar of Xom.
  9531 | D:8      | Found a shimmering altar of Xom.
  9531 | D:8      | Found a shimmering altar of Xom.
  9737 | D:8      | Found a roughly hewn altar of Beogh.
 10728 | D:9      | Reached XP level 10. HP: 48/48 MP: 11/11
 10728 | D:9      | Noticed Grum
 10732 | D:9      | Noticed Psyche
 10746 | D:9      | Killed Grum
 10747 | D:9      | Killed Psyche
 10785 | D:9      | Killed from afar by an electric eel
 10786 | D:9      | Reached XP level 9. HP: -1/45 MP: 0/10
 10845 | D:9      | Reached skill level 11 in Dodging
 10922 | D:9      | Killed a troll
 11150 | D:9      | Reached XP level 10. HP: 30/49 MP: 7/11
 11765 | D:9      | HP: 2/73 [electric eel/bolt of electricity (13)]
 12517 | D:10     | Entered Level 10 of the Dungeon
 12523 | D:10     | Noticed a two-headed ogre
 12536 | D:10     | Killed a two-headed ogre
 13076 | D:10     | Reached skill level 12 in Dodging
 13412 | D:10     | Noticed Harold
 13425 | D:10     | Killed Harold
 13629 | D:10     | Noticed a two-headed ogre
 13632 | D:10     | Reached skill level 10 in Unarmed Combat
 13635 | D:10     | Killed a two-headed ogre
 13636 | D:10     | Reached XP level 11. HP: 18/54 MP: 3/12
 13639 | D:10     | Mangled by a wraith

Illustrated notes

Levels and vault maps discovered:
D:1:      onia_arrival_zoo_common, layout_basic
D:2:      layout_basic, chequers_ecumenical_altar_lobes,
          roderic_serpentine_path, minmay_close_crescents
D:3:      layout_loops_cross, nicolae_ashenzari_panopticon,
          biasface_ghost_orc_armoury, uniq_robin
D:4:      corexii_shantytown, layout_loops_ring, nicolae_overflow_hidden_temple,
          kiku_gazebo_pond_becter, grunt_temple_overflow_open,
          grunt_temple_overflow_diamond, serial_shops, kennysheep_mini_moat,
          lightli_minifort
D:5:      kennysheep_steamy, layout_loops_cross, serial_undead, serial_undead_f,
          serial_undead_d, serial_undead_b, serial_undead_c,
          chequers_ossuary_entry_cave, serial_shops, shop
D:6:      layout_basic, kennysheep_mini, minmay_temple_entry_tees,
          due_unseen_surprise
D:7:      layout_basic, old_standard_altar, uniq_maggie
D:8:      layout_rooms, special_room [special_room_orc], xom_shifter_show
D:9:      layout_basic, uniq_grum, uniq_psyche
D:10:     layout_basic, erik_lair_orcish_takeover, serial_shops,
          nicolae_shop_trees, minmay_fractal_squares_5, uniq_harold

Skill      XL: |  1  2  3  4  5  6  7  8  9 10 |
---------------+-------------------------------+-----
Unarmed Combat | 4 5 7 9 10 | 10.1
Dodging        | 5 6 9 11 12 | 12.4
Stealth        | 4 5 7 8 9 11 | 11.6
Fighting       | 4 7 9 |  9.8

Action                   |  1- 3 |  4- 6 |  7- 9 | 10-12 || total
-------------------------+-------+-------+-------+-------++-------
Melee: Unarmed           |   106 |   223 |   470 |   197 ||   996
       Bite              |    10 |    21 |    59 |    27 ||   117
       Punch             |       |     3 |    16 |     7 ||    26
Invok: Berserk           |     5 |     5 |    20 |     9 ||    39
       Trog's Hand       |     1 |     1 |     1 |     1 ||     4
       Brothers in Arms  |       |       |     6 |     4 ||    10
Evoke: Wand              |       |       |     9 |       ||     9
  Use: Potion            |       |       |     6 |     7 ||    13
       Scroll            |       |       |       |     3 ||     3
 Stab: Sleeping          |     1 |    16 |    26 |     4 ||    47
       Distracted        |       |     2 |       |       ||     2
Armor: Skin              |     4 |     6 |    20 |     2 ||    32
Dodge: Dodged            |    92 |   184 |   449 |   238 ||   963

Table legend: (Time is in decaauts)
 A = Elapsed time spent in this place.
 B = Non-inter-level travel time spent in this place.
 C = Inter-level travel time spent in this place.
 D = Time resting spent in this place.
 E = Time spent auto-exploring this place.
 F = Levels seen in this place.
 G = Mean time per level.
                   A        B        C        D        E       F      G
               +--------+--------+--------+--------+--------+-----+--------+
         Total |  12474 |  12219 |    255 |   3250 |   6753 |  11 | 1134.0 |
       Dungeon |  12074 |  11819 |    255 |   3197 |   6656 |  10 | 1207.4 |
       Ossuary |    399 |    399 |      0 |     53 |     97 |   1 |  399.0 |
               +--------+--------+--------+--------+--------+-----+--------+

Top non-repeatable levels by time:
     D:9: 2230 daAuts
     D:4: 1670 daAuts
     D:2: 1628 daAuts
     D:3: 1423 daAuts
    D:10: 1076 daAuts
     D:1: 938 daAuts
     D:8: 863 daAuts
     D:6: 849 daAuts
     D:5: 733 daAuts
     D:7: 659 daAuts
 Ossuary: 399 daAuts
